3036 views
Uploaded 2020-07-15 00:36:44
Game version 1.32.6 / 1.32.7
9:37 long 3on3 ladder game on (6)StranglethornVale
Saved by Immortalsoul
3036 views
Uploaded 2020-07-15 00:36:44
Game version 1.32.6 / 1.32.7
9:37 long 3on3 ladder game on (6)StranglethornVale


81 units @ 9.3k
/ 0.8k
42 buildings @ 6k
/ 2.5k


| Scroll of Regeneration | 2 | 200 |
| Lesser Clarity Potion | 1 | 70 |
| Scroll of Town Portal | 1 | 350 |
| total: | 4 | 620g |
| Peasant | 12 | 900 | / | 0 |
| Footman | 6 | 810 | / | 0 |
| Rifleman | 9 | 1845 | / | 270 |
| Mortar Team | 1 | 180 | / | 70 |
| Priest | 1 | 135 | / | 10 |
| total: | 29 | 3870g | / | 350w |
| Scout Tower | 4 | 120 | / | 80 |
| Arcane Tower | 2 | 140 | / | 100 |
| Altar of Kings | 1 | 180 | / | 50 |
| Barracks | 1 | 160 | / | 60 |
| Farm | 7 | 560 | / | 140 |
| Town Hall | 1 | 385 | / | 205 |
| Blacksmith | 1 | 140 | / | 60 |
| Arcane Vault | 1 | 130 | / | 30 |
| Lumber Mill | 1 | 120 | / | 0 |
| Arcane Sanctum | 2 | 300 | / | 280 |
| Workshop | 1 | 140 | / | 140 |
| Keep | 1 | 320 | / | 210 |
| total: | 20 | 2235g | / | 1045w |
| 0:03 | Peasant |
| 0:04 | Peasant |
| 0:06 | Altar of Kings |
| 0:22 | Barracks |
| 0:32 | Peasant |
| 0:35 | Farm |
| 0:46 | Peasant |
| 0:51 | Farm |
| 1:06 | Peasant |
| 1:23 | Peasant |
| 1:26 | Footman |
| 1:38 | Peasant |
| 1:39 | Footman |
| 1:55 | Farm |
| 1:58 | Peasant |
| 2:07 | Scout Tower |
| 2:17 | Summon Water Elemental |
| 2:18 | Footman |
| 2:22 | Peasant |
| 2:31 | Footman |
| 2:32 | Peasant |
| 3:11 | Peasant |
| 3:11 | Footman |
| 3:12 | Brilliance Aura |
| 3:21 | Town Hall |
| 3:27 | Scout Tower |
| 3:28 | Scout Tower |
| 3:32 | Peasant |
| 3:59 | Blacksmith |
| 4:01 | Arcane Tower |
| 4:31 | Arcane Tower |
| 4:32 | Arcane Vault |
| 4:39 | Summon Water Elemental |
| 4:50 | Footman |
| 4:59 | Keep |
| 5:02 | Lumber Mill |
| 5:04 | Farm |
| 5:30 | Rifleman |
| 5:56 | Rifleman |
| 6:12 | Rifleman |
| 6:15 | Farm |
| 6:16 | Scout Tower |
| 6:17 | Rifleman |
| 6:28 | Rifleman |
| 6:44 | Rifleman |
| 6:45 | Black Gunpowder |
| 6:46 | Farm |
| 6:47 | Farm |
| 7:16 | Rifleman |
| 7:50 | Arcane Sanctum |
| 7:50 | Workshop |
| 7:51 | Scroll of Town Portal |
| 7:51 | Scroll of Regeneration |
| 7:53 | Lesser Clarity Potion |
| 7:58 | Scroll of Regeneration |
| 8:04 | Arcane Sanctum |
| 8:16 | Improved Lumber Harvesting |
| 8:21 | Rifleman |
| 8:54 | Flame Strike |
| 8:59 | Blizzard |
| 9:22 | Rifleman |
| 9:23 | Mortar Team |
| 9:23 | Priest |
| Select group | 951 |
| Right click | 576 |
| Select | 222 |
| Misc. action | 169 |
| Chat | 103 |
| Build/train/purchase | 61 |
| Assign group | 38 |
| Use ability | 10 |
| Resource trade | 9 |
| Item give/drop | 4 |
| Minimap ping | 4 |
| Esc | 2 |


| Healing Salve | 3 | 300 |
| Scroll of Speed | 1 | 50 |
| Potion of Healing | 1 | 150 |
| total: | 5 | 500g |
| Peon | 9 | 675 | / | 0 |
| Troll Headhunter | 14 | 1960 | / | 280 |
| Troll Witch Doctor | 2 | 290 | / | 50 |
| total: | 25 | 2925g | / | 330w |
| Orc Burrow | 4 | 640 | / | 160 |
| War Mill | 1 | 205 | / | 0 |
| Barracks | 1 | 180 | / | 50 |
| Altar of Storms | 1 | 180 | / | 50 |
| Voodoo Lounge | 1 | 130 | / | 30 |
| Spirit Lodge | 1 | 150 | / | 150 |
| Stronghold | 1 | 315 | / | 190 |
| Fortress | 1 | 325 | / | 190 |
| total: | 9 | 1485g | / | 440w |
| 0:01 | Peon |
| 0:01 | Peon |
| 0:02 | Peon |
| 0:17 | Orc Burrow |
| 0:23 | Peon |
| 0:33 | War Mill |
| 0:35 | Peon |
| 0:48 | Barracks |
| 0:52 | Peon |
| 1:03 | Altar of Storms |
| 1:11 | Peon |
| 1:41 | Orc Burrow |
| 1:51 | Troll Headhunter |
| 2:06 | Troll Headhunter |
| 2:33 | Troll Headhunter |
| 2:33 | Troll Headhunter |
| 2:39 | Peon |
| 2:42 | Peon |
| 3:02 | Endurance Aura |
| 3:11 | Troll Headhunter |
| 3:22 | Stronghold |
| 3:32 | Troll Headhunter |
| 3:36 | Orc Burrow |
| 3:50 | Voodoo Lounge |
| 4:21 | Steel Ranged Weapons |
| 4:28 | Troll Headhunter |
| 4:43 | Troll Headhunter |
| 4:54 | Steel Armor |
| 4:57 | Orc Burrow |
| 5:22 | Troll Headhunter |
| 5:32 | Troll Headhunter |
| 5:39 | War Stomp |
| 6:09 | Spirit Lodge |
| 6:39 | Troll Regeneration |
| 6:42 | Fortress |
| 6:49 | Healing Salve |
| 6:57 | Healing Salve |
| 7:29 | Troll Headhunter |
| 7:30 | Witch Doctor Adept Training |
| 7:30 | Troll Witch Doctor |
| 7:31 | Troll Witch Doctor |
| 7:40 | Hex |
| 7:43 | Endurance Aura |
| 7:48 | Troll Headhunter |
| 7:57 | Healing Salve |
| 8:02 | Scroll of Speed |
| 8:09 | Potion of Healing |
| 8:16 | Thorium Ranged Weapons |
| 8:57 | Healing Wave |
| 9:09 | Berserker Upgrade |
| 9:09 | Witch Doctor Master Training |
| 9:20 | Troll Headhunter |
| 9:23 | Troll Headhunter |
| Select group | 416 |
| Chat | 380 |
| Right click | 245 |
| Misc. action | 159 |
| Select | 144 |
| Build/train/purchase | 55 |
| Assign group | 26 |
| Use ability | 15 |
| Minimap ping | 4 |
| Resource trade | 4 |
| Remove unit | 2 |
| Item give/drop | 1 |


| Staff of Teleportation | 1 | 150 |
| total: | 1 | 150g |
| Wisp | 20 | 1200 | / | 0 |
| Huntress | 6 | 1170 | / | 120 |
| Archer | 1 | 130 | / | 10 |
| total: | 27 | 2500g | / | 130w |
| Altar of Elders | 1 | 180 | / | 50 |
| Moon Well | 5 | 900 | / | 200 |
| Hunter's Hall | 1 | 210 | / | 100 |
| Ancient of War | 2 | 300 | / | 120 |
| Tree of Life | 1 | 340 | / | 185 |
| Ancient of Wonders | 1 | 90 | / | 30 |
| Ancient of Lore | 2 | 310 | / | 290 |
| Tree of Ages | 2 | 640 | / | 360 |
| total: | 13 | 2330g | / | 975w |
| 0:02 | Wisp |
| 0:02 | Wisp |
| 0:17 | Altar of Elders |
| 0:26 | Wisp |
| 0:31 | Moon Well |
| 0:34 | Wisp |
| 0:42 | Wisp |
| 0:42 | Wisp |
| 0:44 | Wisp |
| 0:44 | Wisp |
| 0:58 | Wisp |
| 0:58 | Wisp |
| 0:58 | Wisp |
| 1:02 | Wisp |
| 1:12 | Wisp |
| 1:14 | Wisp |
| 1:26 | Wisp |
| 1:26 | Wisp |
| 1:36 | Wisp |
| 1:52 | Hunter's Hall |
| 2:08 | Ancient of War |
| 2:12 | Ancient of War |
| 2:21 | Moon Well |
| 3:01 | Trueshot Aura |
| 3:10 | Huntress |
| 3:18 | Huntress |
| 3:40 | Moon Well |
| 4:10 | Huntress |
| 4:50 | Huntress |
| 4:51 | Moon Armor |
| 4:52 | Improved Moon Armor |
| 5:49 | Scout |
| 6:16 | Tree of Ages |
| 6:17 | Moon Well |
| 6:19 | Moon Well |
| 6:52 | Staff of Teleportation |
| 6:56 | Huntress |
| 6:57 | Strength of the Moon |
| 7:37 | Huntress |
| 8:01 | Tree of Life |
| 8:46 | Summon Lava Spawn |
| 9:04 | Wisp |
| 9:04 | Wisp |
| 9:04 | Wisp |
| 9:06 | Ancient of Wonders |
| 9:32 | Archer |
| 9:35 | Ancient of Lore |
| 9:36 | Ancient of Lore |
| Right click | 611 |
| Select | 198 |
| Select group | 146 |
| Chat | 133 |
| Misc. action | 81 |
| Build/train/purchase | 61 |
| Assign group | 38 |
| Resource trade | 24 |
| Minimap ping | 6 |
| Remove unit | 3 |
| Use ability | 2 |
| Esc | 2 |
60 units @ 7.2k
/ 0.9k
30 buildings @ 4.8k
/ 1.6k

| Rod of Necromancy | 1 | 150 |
| Ritual Dagger | 1 | 125 |
| Scroll of Town Portal | 1 | 350 |
| total: | 3 | 625g |
| Acolyte | 2 | 150 | / | 0 |
| Ghoul | 1 | 120 | / | 0 |
| Crypt Fiend | 9 | 1935 | / | 360 |
| total: | 12 | 2205g | / | 360w |
| Nerubian Tower | 1 | 100 | / | 20 |
| Spirit Tower | 1 | 145 | / | 40 |
| Graveyard | 1 | 215 | / | 0 |
| Crypt | 1 | 200 | / | 50 |
| Altar of Darkness | 1 | 180 | / | 50 |
| Ziggurat | 4 | 600 | / | 200 |
| Tomb of Relics | 1 | 130 | / | 30 |
| Halls of the Dead | 1 | 320 | / | 210 |
| total: | 8 | 1325g | / | 330w |
| 0:04 | Acolyte |
| 0:04 | Acolyte |
| 0:11 | Graveyard |
| 0:16 | Crypt |
| 0:43 | Altar of Darkness |
| 0:56 | Ziggurat |
| 1:13 | Tomb of Relics |
| 1:21 | Ghoul |
| 1:36 | Ziggurat |
| 1:57 | Crypt Fiend |
| 2:07 | Nerubian Tower |
| 2:29 | Crypt Fiend |
| 2:45 | Rod of Necromancy |
| 2:48 | Carrion Beetles |
| 3:17 | Crypt Fiend |
| 3:38 | Crypt Fiend |
| 3:58 | Crypt Fiend |
| 4:20 | Crypt Fiend |
| 4:50 | Halls of the Dead |
| 4:58 | Ziggurat |
| 5:05 | Impale |
| 5:49 | Crypt Fiend |
| 5:50 | Creature Attack |
| 5:51 | Creature Carapace |
| 6:06 | Crypt Fiend |
| 6:11 | Spirit Tower |
| 6:33 | Ritual Dagger |
| 6:59 | Crypt Fiend |
| 7:03 | Ziggurat |
| 7:40 | Impale |
| 8:04 | Scroll of Town Portal |
| 8:17 | Burrow |
| 8:30 | Web |
| Right click | 239 |
| Select group | 121 |
| Select | 119 |
| Misc. action | 76 |
| Build/train/purchase | 34 |
| Assign group | 19 |
| Use ability | 10 |
| Remove unit | 1 |
| Minimap ping | 1 |

| Healing Salve | 2 | 200 |
| Scroll of Speed | 1 | 50 |
| Scroll of Town Portal | 1 | 350 |
| Potion of Lesser Invulnerability | 1 | 150 |
| total: | 5 | 750g |
| Peon | 8 | 600 | / | 0 |
| Troll Headhunter | 13 | 1820 | / | 260 |
| total: | 21 | 2420g | / | 260w |
| Watch Tower | 1 | 110 | / | 80 |
| Altar of Storms | 1 | 180 | / | 50 |
| Orc Burrow | 3 | 480 | / | 120 |
| War Mill | 1 | 205 | / | 0 |
| Barracks | 2 | 360 | / | 100 |
| Voodoo Lounge | 1 | 130 | / | 30 |
| Stronghold | 1 | 315 | / | 190 |
| Fortress | 1 | 325 | / | 190 |
| total: | 9 | 1465g | / | 380w |
| 0:03 | Peon |
| 0:03 | Peon |
| 0:14 | Peon |
| 0:19 | Altar of Storms |
| 0:35 | Orc Burrow |
| 0:41 | Peon |
| 0:49 | War Mill |
| 1:04 | Barracks |
| 1:07 | Peon |
| 1:27 | Peon |
| 2:05 | Troll Headhunter |
| 2:05 | Troll Headhunter |
| 2:08 | Orc Burrow |
| 2:24 | Voodoo Lounge |
| 2:26 | War Stomp |
| 2:40 | Troll Headhunter |
| 3:04 | Troll Headhunter |
| 3:06 | Peon |
| 3:06 | Peon |
| 3:28 | Troll Headhunter |
| 3:52 | Stronghold |
| 4:09 | Healing Salve |
| 4:09 | Scroll of Speed |
| 4:15 | Troll Headhunter |
| 4:18 | Steel Ranged Weapons |
| 4:49 | Barracks |
| 4:54 | Watch Tower |
| 5:13 | Orc Burrow |
| 5:37 | Troll Headhunter |
| 5:53 | Troll Headhunter |
| 6:11 | Healing Salve |
| 6:17 | Scroll of Town Portal |
| 6:34 | Troll Headhunter |
| 6:46 | Troll Headhunter |
| 6:53 | Reinforced Defenses |
| 7:45 | Troll Headhunter |
| 7:48 | Endurance Aura |
| 7:53 | Fortress |
| 8:08 | Potion of Lesser Invulnerability |
| 8:26 | Troll Headhunter |
| 9:29 | Troll Headhunter |
| Select group | 338 |
| Right click | 331 |
| Chat | 164 |
| Select | 81 |
| Build/train/purchase | 39 |
| Assign group | 26 |
| Use ability | 8 |
| Resource trade | 4 |


| Healing Salve | 1 | 100 |
| Scroll of Speed | 1 | 50 |
| total: | 2 | 150g |
| Wisp | 14 | 840 | / | 0 |
| Archer | 9 | 1170 | / | 90 |
| Dryad | 4 | 580 | / | 240 |
| total: | 27 | 2590g | / | 330w |
| Ancient Protector | 1 | 135 | / | 80 |
| Altar of Elders | 1 | 180 | / | 50 |
| Moon Well | 4 | 720 | / | 160 |
| Ancient of War | 2 | 300 | / | 120 |
| Hunter's Hall | 1 | 210 | / | 100 |
| Ancient of Wonders | 2 | 180 | / | 60 |
| Ancient of Lore | 2 | 310 | / | 290 |
| Tree of Ages | 2 | 640 | / | 360 |
| Tree of Eternity | 2 | 660 | / | 400 |
| total: | 13 | 2035g | / | 860w |
| 0:04 | Wisp |
| 0:04 | Wisp |
| 0:08 | Altar of Elders |
| 0:16 | Moon Well |
| 0:33 | Ancient of War |
| 0:48 | Wisp |
| 0:48 | Wisp |
| 0:49 | Wisp |
| 0:49 | Wisp |
| 0:49 | Wisp |
| 0:49 | Wisp |
| 1:21 | Wisp |
| 1:30 | Ancient of War |
| 1:48 | Wisp |
| 1:54 | Moon Well |
| 2:03 | Wisp |
| 2:08 | Mana Burn |
| 2:22 | Moon Well |
| 2:29 | Wisp |
| 2:36 | Archer |
| 2:56 | Archer |
| 2:58 | Wisp |
| 2:59 | Wisp |
| 3:27 | Tree of Ages |
| 3:28 | Archer |
| 3:28 | Archer |
| 3:45 | Hunter's Hall |
| 3:55 | Archer |
| 3:55 | Archer |
| 4:08 | Archer |
| 4:12 | Evasion |
| 4:37 | Archer |
| 5:58 | Forked Lightning |
| 6:02 | Ancient of Lore |
| 6:03 | Ancient of Lore |
| 6:11 | Ancient Protector |
| 6:34 | Healing Salve |
| 6:34 | Scroll of Speed |
| 6:46 | Tree of Eternity |
| 6:55 | Archer |
| 7:18 | Abolish Magic |
| 7:18 | Dryad |
| 7:21 | Dryad |
| 7:24 | Moon Well |
| 7:27 | Ancient of Wonders |
| 7:39 | Ancient of Wonders |
| 7:46 | Dryad |
| 8:15 | Dryad |
| 8:41 | Mana Burn |
| 8:48 | Frost Arrows |
| Right click | 384 |
| Select group | 266 |
| Select | 162 |
| Chat | 55 |
| Build/train/purchase | 50 |
| Assign group | 32 |
| Misc. action | 27 |
| Use ability | 22 |
| Item give/drop | 4 |
| Esc | 4 |
| Minimap ping | 3 |
⇛